[Event "ICC Open 2015"]
[Site "Internet Chess Club"]
[Date "2015.05.30"]
[Round "2"]
[White "nitishdas"]
[Black "MadMad"]
[Result "0-1"]
[ICCResult "White forfeits on time"]
[WhiteElo "1787"]
[BlackElo "1414"]
[Opening "Sicilian: Smith-Morra gambit"]
[ECO "B21"]
[NIC "SI.48"]
[Time "14:16:05"]
[TimeControl "180+0"]

1. e4 c5 2. d4 cxd4 3. c3 g6 4. cxd4 d5 5. e5 Nc6 6. Nf3 Bg7 7. Nc3 Bg4 8.
Bb5 e6 9. h3 Bxf3 10. Qxf3 Ne7 11. Bg5 O-O 12. O-O Nxd4 13. Qg3 Nxb5 14.
Nxb5 Qd7 15. Nd4 Rac8 16. Qh4 Nc6 17. Nxc6 Rxc6 18. Bf6 Rfc8 19. f4 Rc4 20.
Rf3 Rc1+ 21. Rxc1 Rxc1+ 22. Kh2 Qa4 23. Bxg7 Kxg7 24. Qf6+ Kf8 25. Qd8+ Qe8
26. Qd6+ Qe7 27. Qb8+ Kg7 28. Qxa7 Rb1 29. g4 Rxb2+ 30. Kg3 Qb4 31. Qg1 Rxa2
32. h4 Qd2 33. h5 Rc2 34. hxg6 hxg6 35. Qh1 Rc1 36. Qg2 Qe1+ 37. Kh3 Qh1+
38. Qxh1 Rxh1+ 39. Kg2 Rb1 {White forfeits on time} 0-1

[Event "ICC Open 2015"]
[Site "Internet Chess Club"]
[Date "2015.05.30"]
[Round "2"]
[White "Rinazina46"]
[Black "slothchess"]
[Result "0-1"]
[ICCResult "White checkmated"]
[WhiteElo "1856"]
[BlackElo "1525"]
[Opening "Sicilian: dragon, Yugoslav attack, 10.O-O-O"]
[ECO "B78"]
[NIC "SI.18"]
[Time "14:16:38"]
[TimeControl "180+0"]

1. e4 c5 2. Nf3 d6 3. d4 cxd4 4. Nxd4 Nf6 5. Nc3 g6 6. Be3 Bg7 7. f3 O-O 8.
Bc4 Nc6 9. Qd2 Bd7 10. O-O-O Rc8 11. Bb3 Ne5 12. h4 Nc4 13. Bxc4 Rxc4 14.
Nb3 b5 15. h5 b4 16. Nd5 Nxd5 17. exd5 Bf5 18. Na1 Qa5 19. Kb1 Rfc8 20. Rc1
Bc3 21. Qe2 Bxb2 22. Kxb2 Rc3 23. Bd4 Ra3 24. Rb1 Rxa2+ 25. Kc1 Qa4 26. Bb2
Rxb2 27. Rxb2 Qxa1+ 28. Rb1 Qa3+ 29. Rb2 b3 30. hxg6 Rxc2+ 31. Qxc2 bxc2 32.
gxh7+ Bxh7 33. Rh4 Qe3# {White checkmated} 0-1

[Event "ICC Open 2015"]
[Site "Internet Chess Club"]
[Date "2015.05.30"]
[Round "2"]
[White "sakram07"]
[Black "Kjaan1974"]
[Result "1-0"]
[ICCResult "Black forfeits on time"]
[WhiteElo "1869"]
[BlackElo "1393"]
[Opening "Nimzovich-Larsen attack: classical variation"]
[ECO "A01"]
[NIC "VO.08"]
[Time "14:16:12"]
[TimeControl "180+0"]

1. b3 d5 2. Bb2 Nc6 3. e3 e5 4. Bb5 Bd7 5. Bxc6 bxc6 6. Bxe5 f6 7. Bb2 Bd6
8. Nf3 Ne7 9. O-O O-O 10. h3 Qc8 11. Qe2 Ng6 12. d4 Bxh3 13. gxh3 Qxh3 14.
Rd1 Nh4 15. Nxh4 Bh2+ 16. Kh1 Qxh4 17. Kg2 Bd6 18. Rh1 Qg5+ 19. Kf1 Rae8 20.
Nd2 f5 21. Nf3 Qf6 22. Ke1 f4 23. Rf1 fxe3 24. fxe3 Bg3+ 25. Kd2 Qd6 26. Rg1
g6 27. Raf1 Rf5 28. Ne5 Rxf1 29. Rxf1 Bxe5 30. dxe5 Qb4+ 31. c3 Qa5 32. Qf3
Rb8 33. Qf7+ Kh8 34. Qxc7 Qxc7 35. Kd3 Kg8 36. e6 c5 37. Kc2 c4 38. b4 Qe5
39. Rf7 Qxe6 40. Rf3 Qe4+ 41. Kd2 Qxf3 42. Bc1 Re8 43. Kc2 Qe2+ 44. Kb1 Qd3+
45. Kb2 Rxe3 46. Bxe3 Qxe3 47. Ka3 Qc1+ 48. Ka4 Qb2 49. Kb5 Qxa2 50. Kc5 Qb3
51. Kxd5 Qxc3 52. Kc5 Qb3 53. Kb5 c3 54. Kc5 c2 55. Kb5 c1=Q 56. Ka5
{Black forfeits on time}
1-0

[Event "ICC Open 2015"]
[Site "Internet Chess Club"]
[Date "2015.05.30"]
[Round "2"]
[White "FedoseevVl95"]
[Black "fviana"]
[Result "1-0"]
[ICCResult "Black checkmated"]
[WhiteElo "3088"]
[BlackElo "2313"]
[Opening "Sicilian defense"]
[ECO "B30"]
[NIC "SI.31"]
[Time "14:15:10"]
[TimeControl "180+0"]

1. e4 c5 2. Nf3 Nc6 3. Nc3 g6 4. Bb5 Nd4 5. O-O Bg7 6. Bc4 d6 7. Nxd4 cxd4
8. Ne2 Nf6 9. Nxd4 Nxe4 10. Nf3 O-O 11. d3 Nf6 12. h3 d5 13. Bb3 e6 14. Bf4
b6 15. Be5 Bb7 16. Re1 Rc8 17. Qd2 Re8 18. a4 a6 19. c3 Nd7 20. Bxg7 Kxg7
21. d4 h6 22. Bc2 Qf6 23. Bd3 Ra8 24. Re3 Bc6 25. a5 Bb5 26. Ne5 Qe7 27.
Bxb5 axb5 28. a6 Qd6 29. Nd3 Ra7 30. Nb4 Rea8 31. Qe2 Nb8 32. Qxb5 Rc7 33.
Ra3 Nc6 34. Qxb6 Rb8 35. Qc5 Qd7 36. Nxc6 Rxc6 37. a7 Ra8 38. Qb5 Qc7 39.
Qa5 Qb7 40. b4 Rc7 41. Re2 Rxa7 42. Qxa7 Qxa7 43. Rxa7 Rxa7 44. Rb2 Rc7 45.
b5 Rxc3 46. b6 Rc8 47. b7 Rb8 48. g4 Kf6 49. Kg2 Ke7 50. Kg3 g5 51. h4 Kd7
52. hxg5 hxg5 53. f4 f6 54. fxg5 fxg5 55. Rb6 Kc7 56. Rxe6 Rxb7 57. Re5 Kd6
58. Rxg5 Rb3+ 59. Kf4 Rd3 60. Rg6+ Ke7 61. Ke5 Kf7 62. Rf6+ Kg7 63. Rf5 Re3+
64. Kxd5 Rg3 65. Re5 Rxg4 66. Kc5 Kf6 67. Re3 Rg1 68. d5 Rc1+ 69. Kd6 Rd1
70. Rf3+ Kg7 71. Ke6 Kg8 72. Kd7 Re1 73. Kd6 Ra1 74. Kd7 Ra6 75. d6 Ra7+ 76.
Ke6 Ra8 77. Rg3+ Kf8 78. Rh3 Re8+ 79. Kf6 Ra8 80. Rh8# {Black checkmated}
1-0

[Event "ICC Open 2015"]
[Site "Internet Chess Club"]
[Date "2015.05.30"]
[Round "2"]
[White "Wahman"]
[Black "DarkThrone"]
[Result "1/2-1/2"]
[ICCResult "Black ran out of time and White has no material to mate"]
[WhiteElo "2113"]
[BlackElo "2406"]
[Opening "Vienna game"]
[ECO "C28"]
[NIC "VG.04"]
[Time "14:15:45"]
[TimeControl "180+0"]

1. e4 e5 2. Nc3 Nc6 3. Bc4 Nf6 4. d3 Na5 5. Nge2 Nxc4 6. dxc4 d6 7. O-O Be7
8. b3 c6 9. Qd3 Be6 10. f4 exf4 11. Nxf4 O-O 12. Nxe6 fxe6 13. h3 e5 14. Be3
Nh5 15. Rxf8+ Qxf8 16. Qe2 Nf4 17. Qf3 Qf6 18. Rf1 g5 19. Kh2 Qe6 20. Qg4
Qxg4 21. hxg4 a6 22. g3 Ng6 23. a4 Kg7 24. Kg2 Nf8 25. Rf5 h6 26. Rf1 Ne6
27. Ne2 b5 28. cxb5 axb5 29. Nc3 b4 30. Ne2 d5 31. exd5 cxd5 32. c3 bxc3 33.
Nxc3 Rd8 34. Bd2 Nc5 35. b4 Nb3 36. Be1 Bxb4 37. Rf2 d4 38. Rb2 dxc3 39.
Bxc3 Bxc3 40. Rxb3 Rd2+ 41. Kf3 Bd4 42. a5 Ra2 43. Rb5 Bc3 44. Ke4 Rxa5 45.
Rb7+ Kf6 46. Rb6+ Ke7 47. Rxh6 Ra4+ 48. Kf5 Kd7 49. Rg6 e4 50. Kxg5 e3 51.
Rh6 e2 52. Rh7+ Ke6 53. Rh8 Ra5+ 54. Kf4 Re5 55. Re8+ Kd5 56. Rd8+ Kc4 57.
Rc8+ Kb3 58. Rxc3+ Kxc3 59. Kxe5 e1=Q+ 60. Kf5 Qe7 61. g5 Qg7 62. g6 Kd4 63.
g4 Kd5 64. g5 Kd6 65. Kg4 Qxg6 66. Kf4 Kd5 67. Kg4 Ke5 68. Kh4 Kf5 69. Kg3
Qxg5+ 70. Kf3 Qf4+ 71. Ke2 Ke4 72. Kd1 Qf3+ 73. Kc2 Qd3+ 74. Kb2
{Black ran out of time and White has no material to mate}
1/2-1/2

[Event "ICC Open 2015"]
[Site "Internet Chess Club"]
[Date "2015.05.30"]
[Round "2"]
[White "Mardaker"]
[Black "sahilmd"]
[Result "1-0"]
[ICCResult "Black forfeits on time"]
[WhiteElo "2731"]
[BlackElo "2077"]
[Opening "Sicilian: closed, 2...Nc6"]
[ECO "B23"]
[NIC "SI.44"]
[Time "14:17:17"]
[TimeControl "180+0"]

1. e4 c5 2. Nc3 Nc6 3. Nf3 g6 4. Bb5 Nd4 5. Nxd4 cxd4 6. Ne2 Bg7 7. O-O a6
8. Bc4 b5 9. Bd5 Rb8 10. d3 e6 11. Bb3 Ne7 12. f4 d5 13. Ng3 a5 14. a4 b4
15. Qf3 dxe4 16. Nxe4 O-O 17. Bd2 Bb7 18. Rae1 Rc8 19. Qh3 Nd5 20. Ng5 h6
21. Nf3 Qc7 22. Ne5 Ne7 23. Ng4 Nf5 24. Ne5 Ne7 25. Re2 Bd5 26. Bxd5
{Black forfeits on time}
1-0

[Event "ICC Open 2015"]
[Site "Internet Chess Club"]
[Date "2015.05.30"]
[Round "2"]
[White "jewels2"]
[Black "HPG1947"]
[Result "0-1"]
[ICCResult "White forfeits on time"]
[WhiteElo "1325"]
[BlackElo "1791"]
[Opening "Old Indian defense"]
[ECO "A42"]
[NIC "OI.07"]
[Time "14:16:33"]
[TimeControl "180+0"]

1. d4 d6 2. c4 Nc6 3. Nf3 e5 4. d5 Nb8 5. Nc3 f5 6. Bg5 Be7 7. h4 Nf6 8. e3
c6 9. Bd3 e4 10. Bxf6 Bxf6 11. Nxe4 fxe4 12. Bxe4 Bxb2 13. Rb1 Bc3+ 14. Kf1
Qf6 15. Ng5 g6 16. Bc2 Nd7 17. Ne4 Qe5 18. f4 O-O 19. Qd3 Ba5 20. Kg1 Qe7
21. Ng5 Nc5 22. Qd1 Qxe3+ 23. Kh2 Qxf4+ 24. Kg1 Qf2+ 25. Kh2 Qxh4+ 26. Kg1
Qxg5 27. Rh3 Bd2 28. Qe2 Bxh3 29. Rd1 Be3+ {White forfeits on time} 0-1

[Event "ICC Open 2015"]
[Site "Internet Chess Club"]
[Date "2015.05.30"]
[Round "2"]
[White "boveymvp"]
[Black "Turlock"]
[Result "1-0"]
[ICCResult "Black checkmated"]
[WhiteElo "1583"]
[BlackElo "1837"]
[Opening "Caro-Kann: Bronstein-Larsen variation"]
[ECO "B16"]
[NIC "CK.07"]
[Time "14:16:43"]
[TimeControl "180+0"]

1. e4 c6 2. d4 d5 3. Nc3 dxe4 4. Nxe4 Nf6 5. Nxf6+ gxf6 6. Nf3 Bg4 7. c3 e6
8. h3 Bh5 9. Be2 Qc7 10. O-O Nd7 11. Nh4 Bg6 12. b4 Bd6 13. a4 O-O-O 14. a5
e5 15. dxe5 fxe5 16. Qb3 Nf6 17. Be3 Nd5 18. Bxa7 Rde8 19. Bg4+ Kd8 20. Rfd1
Ke7 21. c4 Nf6 22. Nf5+ Bxf5 23. Bxf5 Kf8 24. Qe3 Ng8 25. Qf3 h5 26. Be3 Nh6
27. c5 Be7 28. Be4 Qc8 29. Rd2 f5 30. Bxh6+ Rxh6 31. Bxf5 Qc7 32. Bg6+ Kg8
33. Qf7+ Kh8 34. Qxe8+ Kg7 35. Rd7 Qxd7 36. Qxd7 Rxg6 37. Qxe7+ Kh6 38. Rd1
h4 39. Rd8 e4 40. Rh8# {Black checkmated} 1-0

[Event "ICC Open 2015"]
[Site "Internet Chess Club"]
[Date "2015.05.30"]
[Round "2"]
[White "EbbeK"]
[Black "vjibab"]
[Result "1-0"]
[ICCResult "Black forfeits on time"]
[WhiteElo "1518"]
[BlackElo "1811"]
[Opening "Sicilian defense"]
[ECO "B32"]
[NIC "SI.32"]
[Time "14:15:39"]
[TimeControl "180+0"]

1. e4 c5 2. Nf3 Nc6 3. d4 cxd4 4. Nxd4 d6 5. Nc3 Bd7 6. Be3 Nf6 7. Bc4 g6 8.
Bb3 Bg7 9. f3 h5 10. Qd2 a6 11. O-O-O b5 12. Kb1 Ne5 13. h3 Nc4 14. Qe2 Nxe3
15. Qxe3 Rc8 16. g4 Qb6 17. gxh5 Nxh5 18. Qg5 Bf6 19. Qe3 a5 20. a3 b4 21.
Nd5 Qb8 22. a4 O-O 23. Rhg1 Kh7 24. f4 Bg7 25. f5 Bh6 26. Qf3 e6 27. Ne3 e5
28. Ne2 Qb6 29. Ng4 Bg7 30. f6 Bh8 31. Ng3 Nf4 32. Nf5 Bxf5 33. exf5 Qxg1
34. Ne3 Qxd1+ 35. Nxd1 Rxc2 36. Kxc2 Rc8+ 37. Kb1 Rc1+ 38. Ka2 g5 39. Qg3
Ra1+ 40. Kxa1 {Black forfeits on time} 1-0

[Event "ICC Open 2015"]
[Site "Internet Chess Club"]
[Date "2015.05.30"]
[Round "2"]
[White "tristanfran"]
[Black "bennywins"]
[Result "1-0"]
[ICCResult "Black checkmated"]
[WhiteElo "1786"]
[BlackElo "1177"]
[Opening "Scandinavian: Marshall variation"]
[ECO "B01"]
[NIC "SD.03"]
[Time "14:15:59"]
[TimeControl "180+0"]

1. e4 d5 2. exd5 Nf6 3. d4 Nxd5 4. Nf3 c5 5. dxc5 Bg4 6. Be2 Qa5+ 7. c3 Qxc5
8. O-O e6 9. Be3 Qc7 10. Qa4+ Nc6 11. Qxg4 Bd6 12. Nbd2 O-O-O 13. a4 Nxe3
14. fxe3 f5 15. Qc4 g5 16. Qxe6+ Kb8 17. Qxf5 Rhg8 18. Nc4 g4 19. Nd4 Bxh2+
20. Kh1 Nxd4 21. exd4 Qc6 22. Kxh2 g3+ 23. Kg1 Rd5 24. Qf4+ Kc8 25. Ne5 Rxe5
26. dxe5 h6 27. Rad1 Qxa4 28. Bg4+ Kc7 29. Qxa4 b6 30. Qd7+ Kb8 31. Qd6+ Kb7
32. Bf3+ Ka6 33. Ra1+ Kb5 34. Qb4# {Black checkmated} 1-0

[Event "ICC Open 2015"]
[Site "Internet Chess Club"]
[Date "2015.05.30"]
[Round "2"]
[White "Schurick"]
[Black "GeneraLisimus"]
[Result "0-1"]
[ICCResult "White resigns"]
[WhiteElo "2382"]
[BlackElo "3241"]
[Opening "Réti: King's Indian attack"]
[ECO "A05"]
[NIC "EO.13"]
[Time "14:17:46"]
[TimeControl "180+0"]

1. Nf3 Nf6 2. g3 g6 3. Bg2 Bg7 4. d3 O-O 5. O-O d6 6. c4 e5 7. Nc3 Nc6 8.
Rb1 a5 9. a3 Re8 10. Nd2 Ne7 11. b4 axb4 12. axb4 c6 13. b5 d5 14. cxd5 cxd5
15. Qb3 Be6 16. Qb2 Rc8 17. Nf3 e4 18. Nd4 Nf5 19. Nxf5 Bxf5 20. d4 Ng4 21.
e3 h5 22. Qb3 Be6 23. Na4 b6 24. Ba3 h4 25. Rfc1 hxg3 26. hxg3 Qf6 27. Qb2
Bd7 28. Nc3 Qf5 29. Bd6 Qh5 30. Ne2 g5 31. Rxc8 Rxc8 32. Rc1 Rxc1+ 33. Qxc1
Bxb5 34. Qc8+ Kh7 35. Qf5+ Kh6 36. Kf1 Nh2+ 37. Kg1 Bxe2 38. Qxd5 Nf3+ 39.
Bxf3 Bxf3 {White resigns} 0-1

[Event "ICC Open 2015"]
[Site "Internet Chess Club"]
[Date "2015.05.30"]
[Round "2"]
[White "bc18917"]
[Black "Jospa"]
[Result "1-0"]
[ICCResult "Black forfeits on time"]
[WhiteElo "1760"]
[BlackElo "1197"]
[Opening "English, 1...Nf6 (Anglo-Indian defense)"]
[ECO "A15"]
[NIC "EO.64"]
[Time "14:16:40"]
[TimeControl "180+0"]

1. c4 Nf6 2. g3 e6 3. Bg2 c6 4. Nf3 Bc5 5. O-O O-O 6. d4 Be7 7. Nc3 d5 8. b3
Ne4 9. Bb2 Bf6 10. e3 Nd7 11. Nd2 e5 12. Ncxe4 dxe4 13. Nxe4 Re8 14. Nxf6+
Nxf6 15. dxe5 Ng4 16. Qxd8 Rxd8 17. Rad1 Rxd1 18. Rxd1 Be6 19. h3 Nh6 20. g4
g5 21. f4 gxf4 22. exf4 Kg7 23. f5 Bxf5 24. gxf5 Nxf5 25. Kf2 Re8 26. b4 a6
27. Rd7 b5 28. e6+ Kg6 29. exf7 Rf8 30. Bxc6 bxc4 31. a4 h5 32. Be4 Kg5 33.
Bxf5 Kxf5 34. b5 axb5 35. axb5 Ke6 36. Rc7 Rxf7+ 37. Rxf7 Kxf7 38. b6 Ke6
39. b7 Kd5 40. b8=Q Ke4 41. Qb7+ Kd3 42. Qb4 Kc2 43. Qc3+ Kb1 44. Qc1+
{Black forfeits on time}
1-0

[Event "ICC Open 2015"]
[Site "Internet Chess Club"]
[Date "2015.05.30"]
[Round "2"]
[White "BoardLord"]
[Black "Tomorrowlan"]
[Result "1-0"]
[ICCResult "Black forfeits on time"]
[WhiteElo "2267"]
[BlackElo "2862"]
[Opening "Sicilian"]
[ECO "B50"]
[NIC "SI.01"]
[Time "14:15:59"]
[TimeControl "180+0"]

1. e4 c5 2. Nf3 d6 3. c3 Nf6 4. h3 Nbd7 5. Bd3 e5 6. Bc2 Be7 7. O-O O-O 8.
d4 b6 9. Re1 Ba6 10. a4 Re8 11. d5 c4 12. Na3 Nc5 13. Nd2 Nd3 14. Bxd3 cxd3
15. c4 Rc8 16. b3 Bb7 17. Qf3 g6 18. Qxd3 Nh5 19. Nf1 Bg5 20. Ne3 Nf4 21.
Qf1 Qd7 22. Kh2 Nh5 23. Ng4 Bxc1 24. Raxc1 f5 25. exf5 gxf5 26. Ne3 Rf8 27.
Qe2 Nf4 28. Qf3 Rce8 29. Rcd1 Bc8 30. g3 Ng6 31. Qg2 f4 32. Ng4 f3 33. Qf1
h5 34. Ne3 Kh7 35. Nb5 Rg8 36. Nc3 Nf4 37. gxf4 exf4 38. Nc2 Rg2+ 39. Qxg2
fxg2 40. Rd3 Re3 41. Rexe3 fxe3 42. Rxe3 Qg7 43. Kg1 Bf5 44. Ne1
{Black forfeits on time}
1-0

[Event "ICC Open 2015"]
[Site "Internet Chess Club"]
[Date "2015.05.30"]
[Round "2"]
[White "DDT3000"]
[Black "UzbekTiger"]
[Result "0-1"]
[ICCResult "White forfeits on time"]
[WhiteElo "2120"]
[BlackElo "2771"]
[Opening "Sicilian: Alapin's variation (2.c3)"]
[ECO "B22"]
[NIC "SI.46"]
[Time "14:15:44"]
[TimeControl "180+0"]

1. e4 c5 2. c3 Qa5 3. g3 Nc6 4. Bg2 g6 5. Ne2 Bg7 6. O-O d6 7. h3 Nf6 8. Na3
O-O 9. d3 Qc7 10. Be3 b6 11. Nb5 Qd7 12. a4 Bb7 13. d4 a6 14. Na3 cxd4 15.
cxd4 Qd8 16. Rc1 Rc8 17. Qd2 Na5 18. Rxc8 Qxc8 19. d5 Nc4 20. Nxc4 Qxc4 21.
Nc3 b5 22. axb5 axb5 23. Rc1 Qb3 24. Qd3 b4 25. Qb5 Bc8 26. Ne2 Qxb2 27. Rc7
Bd7 28. Qa6 b3 29. Bd4 Qd2 30. Bxf6 Bxf6 31. Rxd7 b2 32. Rb7 Qe1+ 33. Kh2
b1=Q 34. Rxb1 Qxb1 35. Nf4 Qc2 36. Nd3 Rb8 37. e5 dxe5 38. d6 exd6 39. Qxd6
Kg7 40. Nxe5 Rd8 41. Nd7 Qf5 42. Qxf6+ Qxf6 43. Nxf6 Kxf6 44. g4 Ke5 45. Kg3
Rd3+ 46. f3 f5 47. gxf5 gxf5 48. Bf1 f4+ 49. Kg4 Rd6 50. Bc4 Rg6+ 51. Kh5
Rg3 52. h4 Rxf3 53. Bg8 Rg3 54. Bxh7 f3 55. Bd3 f2 56. Bb5 Rb3 57. Bc4 Rb4
58. Bd3 Kd4 59. Be2 Ke3 60. Ba6 Rb6 61. Kg5 Rxa6 {White forfeits on time}
0-1

[Event "ICC Open 2015"]
[Site "Internet Chess Club"]
[Date "2015.05.30"]
[Round "2"]
[White "Macks"]
[Black "capaldi"]
[Result "1-0"]
[ICCResult "Black forfeits on time"]
[WhiteElo "1529"]
[BlackElo "1826"]
[Opening "Queen's pawn game"]
[ECO "D00"]
[NIC "QP.08"]
[Time "14:16:11"]
[TimeControl "180+0"]

1. d4 d5 2. g3 c6 3. Nf3 Nf6 4. Bg2 Nbd7 5. O-O g6 6. Nbd2 Bg7 7. c4 O-O 8.
e3 Re8 9. Re1 h6 10. cxd5 Nxd5 11. e4 Nb4 12. Nb3 a5 13. a3 Na6 14. Bf4 Qb6
15. Rb1 Kh7 16. Ne5 Nxe5 17. Bxe5 f6 18. Bf4 Be6 19. Nc1 Rad8 20. Be3 Qc7
21. Qd2 Bf7 22. f4 e5 23. fxe5 fxe5 24. d5 cxd5 25. exd5 Nc5 26. Bxc5 Qxc5+
27. Kh1 Bxd5 28. Bxd5 Rxd5 29. Qf2 Qc6 30. Qf3 e4 31. Qg2 e3 32. Qf3 Rd2 33.
Rxe3 {Black forfeits on time} 1-0

[Event "ICC Open 2015"]
[Site "Internet Chess Club"]
[Date "2015.05.30"]
[Round "2"]
[White "BlueJ"]
[Black "Kseroks"]
[Result "0-1"]
[ICCResult "White forfeits on time"]
[WhiteElo "2173"]
[BlackElo "2805"]
[Opening "QGD: exchange, positional line"]
[ECO "D35"]
[NIC "QO.16"]
[Time "14:16:30"]
[TimeControl "180+0"]

1. d4 d5 2. c4 e6 3. Nc3 Nf6 4. cxd5 exd5 5. Bg5 Nbd7 6. e3 c6 7. Bd3 Be7 8.
Qc2 O-O 9. Nf3 Re8 10. O-O Nf8 11. h3 Be6 12. Rae1 Rc8 13. e4 dxe4 14. Nxe4
Nxe4 15. Bxe7 Rxe7 16. Bxe4 Qd6 17. a3 Rce8 18. b4 a6 19. Re3 Bd5 20. Rfe1
Bxe4 21. Rxe4 Rxe4 22. Rxe4 Rxe4 23. Qxe4 Qe6 24. Qf4 f6 25. Qc7 Qd7 26. Qb8
Kf7 27. Nd2 Ne6 28. Ne4 Ke7 29. Nc5 Nxc5 30. dxc5 Kf7 31. Kh2 Qe7 32. g3 h5
33. h4 Kg6 34. Kg2 Kf5 35. Qc8+ Kg6 36. Qb8 Qd7 37. Kg1 Kf7 38. Kg2 Ke6 39.
Kg1 Kd5 40. Qg8+ Kd4 41. Qh7 Qg4 42. Qc2 Qe4 43. Qb2+ Kc4 44. Qd2 Qb1+ 45.
Kg2 Qe4+ 46. Kg1 Qd4 47. Qe2+ Kb3 48. Qe7 Kxa3 49. Qxb7 Qxb4 50. Qxa6+ Qa4
51. Qb6 Qd1+ 52. Kg2 Qd5+ 53. Kg1 Ka4 54. Qa6+ Kb4 55. Qb6+ Kc4 56. Qc7 Qxc5
57. Qxg7 Qe5 58. Qg6 c5 59. Qc2+ Kd5 60. Qd3+ Kc6 61. Qa6+ Kd7 62. Qb7+ Ke6
63. Qc6+ Kf5 64. Qf3+ Kg6 {White forfeits on time} 0-1

[Event "ICC Open 2015"]
[Site "Internet Chess Club"]
[Date "2015.05.30"]
[Round "2"]
[White "Inmune"]
[Black "Meditator"]
[Result "1-0"]
[ICCResult "Black forfeits on time"]
[WhiteElo "2998"]
[BlackElo "2292"]
[Opening "Trompowsky attack (Ruth, Opocenský opening)"]
[ECO "A45"]
[NIC "QP.07"]
[Time "14:16:40"]
[TimeControl "180+0"]

1. d4 Nf6 2. Bg5 Ne4 3. Bf4 c5 4. f3 Qa5+ 5. c3 Nf6 6. Nd2 cxd4 7. Nb3 Qd8
8. cxd4 d5 9. e3 Nc6 10. Bd3 g6 11. Ne2 Bg7 12. O-O O-O 13. Rc1 Re8 14. Bg5
e5 15. Bb5 h6 16. Bh4 g5 17. Bg3 exd4 18. Nexd4 Nxd4 19. exd4 Bd7 20. Bd3
Nh5 21. Bc7 Qe7 22. Re1 Qb4 23. Be5 Nf4 24. Bb1 Ng6 25. Bxg6 fxg6 26. a3 Qb5
27. Nc5 Bc6 28. b4 Bxe5 29. dxe5 a5 30. Qd4 axb4 31. axb4 Kh7 32. e6 Re7 33.
Qf6 Rae8 34. h4 gxh4 35. Qxh4 b6 36. Nb3 Rxe6 37. Rxe6 Rxe6 38. Nd4 Qxb4 39.
Qf2 Qa3 40. Qd2 Re3 41. Nxc6 Rd3 42. Qf4 Qb2 43. Qf7+ Qg7 44. Qxg7+ Kxg7 45.
Ne5 Rd2 46. Rc7+ Kf6 47. Ng4+ Kg5 48. Kh2 h5 49. Ne3 d4 50. Nf1 Rf2 51. Ng3
Re2 52. Rd7 {Black forfeits on time} 1-0

[Event "ICC Open 2015"]
[Site "Internet Chess Club"]
[Date "2015.05.30"]
[Round "2"]
[White "Gibhor"]
[Black "Mormegil"]
[Result "0-1"]
[ICCResult "White checkmated"]
[WhiteElo "1952"]
[BlackElo "1690"]
[Opening "Caro-Kann: classical, 6.h4"]
[ECO "B18"]
[NIC "CK.11"]
[Time "14:16:20"]
[TimeControl "180+0"]

1. e4 c6 2. d4 d5 3. Nd2 dxe4 4. Nxe4 Bf5 5. Ng3 Bg6 6. h4 h6 7. h5 Bh7 8.
Nf3 Nf6 9. Bd3 Bxd3 10. Qxd3 e6 11. Bd2 Nbd7 12. O-O-O Qc7 13. Ne4 O-O-O 14.
Nxf6 Nxf6 15. Ne5 Bd6 16. Qe2 Bxe5 17. dxe5 Nd5 18. c4 Nb6 19. Kb1 Nd7 20.
Bc3 Nc5 21. g4 Rxd1+ 22. Rxd1 Rd8 23. f4 Rxd1+ 24. Qxd1 Qd7 25. Qxd7+ Kxd7
26. Bd4 b6 27. Bxc5 bxc5 28. Kc2 Ke7 29. Kb3 f5 30. gxf5 exf5 31. Ka4 g5 32.
hxg6 h5 33. e6 Kxe6 34. b4 cxb4 35. Kxb4 h4 36. Kc5 h3 37. Kxc6 h2 38. c5
h1=Q+ 39. Kc7 Qd5 40. c6 Qd6+ 41. Kb7 Qxf4 42. c7 Qb4+ 43. Kxa7 Qc5+ 44. Kb7
Qb5+ 45. Ka7 Kd7 46. g7 Qa5+ 47. Kb7 Qb5+ 48. Ka7 Qc5+ 49. Ka6 Qc6+ 50. Ka5
Qxc7+ 51. Kb4 Qd8 52. a4 Ke7 53. a5 Kf7 54. Kb5 Qa8 55. a6 Kxg7 56. Kb6 f4
57. a7 f3 58. Ka6 f2 59. Kb6 f1=Q 60. Kc5 Qf5+ 61. Kd6 Qd8+ 62. Kc6 Qc2+ 63.
Kb5 Qd7+ 64. Kb6 Qdc6+ 65. Ka5 Qa2+ 66. Kb4 Qac4+ 67. Ka3 Q6a6+ 68. Kb2
Qab5+ 69. Ka3 Qca4# {White checkmated} 0-1

[Event "ICC Open 2015"]
[Site "Internet Chess Club"]
[Date "2015.05.30"]
[Round "2"]
[White "littlecaesar"]
[Black "reydelmambo"]
[Result "1-0"]
[ICCResult "Black forfeits on time"]
[WhiteElo "2506"]
[BlackElo "1983"]
[Opening "Sicilian defense"]
[ECO "B40"]
[NIC "SI.43"]
[Time "14:15:57"]
[TimeControl "180+0"]

1. e4 c5 2. Nf3 e6 3. c4 Nc6 4. Nc3 Nd4 5. d3 Ne7 6. Be3 Nec6 7. Bxd4 cxd4
8. Ne2 Bb4+ 9. Nd2 O-O 10. a3 Be7 11. g3 e5 12. Bg2 d6 13. O-O Be6 14. b4 a5
15. b5 Nb8 16. f4 f6 17. Nb3 a4 18. Nd2 Nd7 19. Kh1 Nc5 20. Qc2 Qa5 21. Rab1
Rac8 22. Rb4 Bg4 23. Bf3 Be6 24. f5 Bd7 25. Bg2 b6 26. Nf3 Be8 27. Nfxd4
exd4 28. Nxd4 Nb3 29. Nxb3 axb3 30. Rxb3 Bxb5 31. Qb2 Ba4 32. Rxb6 Rfe8 33.
Rb1 Bf8 34. h4 d5 35. exd5 Re1+ 36. Kh2 Rce8 37. Re6 Rxb1 38. Qxb1 Qd2 39.
d6 Bd7 40. Rxe8 Bxe8 41. c5 Bc6 42. Qf1 Qc3 43. Bxc6 Qxc5 44. Qf3 Qxd6 45.
a4 Qb4 46. Qd5+ Kh8 47. Qf7 Qe7 48. Qxe7 Bxe7 49. a5 Bc5 50. a6 Kg8 51. Bd5+
Kf8 52. Kg2 Ba7 53. Kf3 Ke7 54. Ke4 Kd6 55. d4 Bb6 56. Be6 Ba7 57. d5 Bb6
58. h5 Ba7 59. g4 h6 60. Bg8 Bb6 61. Be6 Ba7 62. Kd3 Bb6 63. Kc4 Ba7 64. Kb5
Ke5 65. Ka5 Kf4 66. Kb5 Kxg4 67. Kc6 Kxh5 68. Kb7 Bd4 69. d6 Bc5 70. a7 Bxa7
71. Kxa7 Kg5 72. d7 h5 73. d8=Q h4 74. Qg8 h3 75. Qxg7+ Kf4 76. Qf7 Kg3 77.
Qg6+ {Black forfeits on time} 1-0

[Event "ICC Open 2015"]
[Site "Internet Chess Club"]
[Date "2015.05.30"]
[Round "2"]
[White "geom"]
[Black "Rembrand"]
[Result "0-1"]
[ICCResult "White forfeits on time"]
[WhiteElo "1695"]
[BlackElo "2118"]
[Opening "Bishop's opening/Petrov: Urusov gambit"]
[ECO "C24"]
[NIC "IG.04"]
[Time "14:18:09"]
[TimeControl "180+0"]

1. e4 e5 2. Bc4 Nf6 3. d4 exd4 4. Nf3 d6 5. O-O Be7 6. c3 d3 7. Qxd3 O-O 8.
h3 c6 9. Bg5 Qc7 10. Bf4 Nbd7 11. Nbd2 Ne5 12. Nxe5 dxe5 13. Be3 b5 14. Bb3
a5 15. a3 a4 16. Ba2 Be6 17. c4 Rab8 18. Rfc1 b4 19. axb4 Rxb4 20. c5 Bxa2
21. Rxa2 Rfb8 22. Rc2 h6 23. f3 Nd7 24. Qa6 Qb7 25. Qxb7 R4xb7 26. Rxa4 Rxb2
27. Rxb2 Rxb2 28. Nc4 Rb1+ 29. Kh2 Nxc5 30. Bxc5 Bxc5 31. Nxe5 Bd6 32. f4 g5
{White forfeits on time}
0-1

[Event "ICC Open 2015"]
[Site "Internet Chess Club"]
[Date "2015.05.30"]
[Round "2"]
[White "BlackHorse96"]
[Black "maki89"]
[Result "1-0"]
[ICCResult "Black resigns"]
[WhiteElo "3285"]
[BlackElo "2380"]
[Opening "Queen's pawn game"]
[ECO "D00"]
[NIC "QP.07"]
[Time "14:18:02"]
[TimeControl "180+0"]

1. d4 Nf6 2. Nc3 d5 3. Bf4 c6 4. e3 Bf5 5. f3 h6 6. g4 Bh7 7. h4 e6 8. Bd3
Bxd3 9. Qxd3 Bd6 10. Nge2 Na6 11. O-O-O Qe7 12. Bxd6 Qxd6 13. e4 Qc7 14. e5
Nd7 15. f4 O-O-O 16. f5 Nb6 17. Nf4 Rhe8 18. Nh5 Nb4 19. Qf3 Rg8 20. b3 Nd7
21. a3 Na6 22. Kb2 g6 23. fxe6 fxe6 24. Nf4 Rde8 25. Qd3 Nf8 26. Rhf1 Nb8
27. g5 hxg5 28. hxg5 Qe7 29. Rg1 Nbd7 30. Rdf1 a6 31. Na4 Kb8 32. b4 Ka7 33.
Qc3 Nb6 34. Nxb6 Kxb6 35. Nd3 Ka7 36. Rf6 Nd7 37. Rgf1 Nxf6 38. exf6 Qd6 39.
f7 Rgf8 40. fxe8=Q Rxe8 41. Qc5+ Qxc5 42. bxc5 {Black resigns} 1-0